 Dungeon Crawl Stone Soup version 0.30-a0-371-gad7725a93e (webtiles) character file.

Game seed: 1905637093642879942

931 innerfire433 the Ducker (level 7, -10/51 (55) HPs)
             Began as a Demonspawn Monk on Nov 21, 2022.
             Was an Initiate of Yredelemnul.
             Mangled by a wight
             ... wielding a +2 great sword
              (16 damage)
             ... on level 6 of the Dungeon.
             The game lasted 00:11:55 (4855 turns).

innerfire433 the Ducker (Demonspawn Monk)           Turns: 4855, Time: 00:11:56

HP:   -10/51 (55)   AC: -4    Str: 14    XL:     7   Next: 86%
MP:   7/7           EV: 13    Int: 11    God:    Yredelemnul [......]
Gold: 244           SH:  0    Dex: 15    Spells: 6/6 levels left

rFire   . . .      SeeInvis .    i - +3 short sword (drain)
rCold   . . .      Faith    .    (no shield)
rNeg    . . .      Spirit   .    g - +0 ring mail
rPois   .          Reflect  .    (helmet restricted)
rElec   .          Harm     .    e - scarf {shadows}
rCorr   .          Rampage  .    (no gloves)
Will    .....                    d - +1 pair of boots
Stlth   ..........               (no amulet)
HPRegen 0.28/turn                (no ring)
MPRegen 0.10/turn                (no ring)

@: confused, ambrosia-drunk, corroded, hasted, drained, unable to drink, very
quick
A: antennae 2, claws 1, hooves 1, demonic magic 2, large bone plates 1,
inability to drink after injury 1
a: Renounce Religion, Recall Undead Harvest


You were on level 6 of the Dungeon.
You worshipped Yredelemnul.
Yredelemnul was noncommittal.
You visited 1 branch of the dungeon, and saw 6 of its levels.

You collected 244 gold pieces.

Inventory:

Hand Weapons
 a - a +0 hand axe
 i - a +3 short sword of draining (weapon)
 r - a +0 hand axe
Armour
 b - a +0 robe
 d - a +1 pair of boots (worn)
 e - a scarf of shadows (worn)
 g - a +0 ring mail (worn)
Jewellery
 o - a ring of wizardry
Scrolls
 j - a scroll of fog
 k - 4 scrolls of magic mapping
 l - 2 scrolls of teleportation
 m - a scroll of fear
 p - a scroll of enchant armour
 s - a scroll of immolation
 t - a scroll of enchant weapon
Potions
 f - a potion of curing
 n - a potion of flight {unknown}
 q - a potion of haste
 u - a potion of resistance {unknown}


   Skills:
 + Level 4.5 Fighting
 * Level 4.2 Short Blades
 - Level 2.8 Axes
 + Level 3.5 Armour
 * Level 5.4 Dodging
 - Level 1.7 Stealth


You had 6 spell levels left.
You didn't know any spells.
Your spell library contained the following spells:

 Spells                   Type           Power      Damage    Failure   Level
 Chain Lightning          Conj/Air       0%         N/A       100%        9
 Fire Storm               Conj/Fire      0%         5d1       100%        9
 Shatter                  Erth           0%         3d5*      100%        9


Dungeon Overview and Level Annotations

Branches:
Dungeon (6/15)             Temple (0/1) D:5

Altars:
Uskayaw
Yredelemnul

Shops:
D:4 **


Innate Abilities, Weirdness & Mutations

You have a pair of antennae on your head.
You have sharp fingernails.
You have large cloven feet.
Spells you cast may paralyse nearby enemies.
You are partially covered in large bone plates. (SH +4)
You occasionally lose the ability to drink potions when taking damage.


Message History

The wight hits your centaur zombie with a +4 dagger!
The jelly misses you. The orc misses you.
The wight hits your hound zombie with a +2 falchion of freezing.
Your hound zombie is destroyed!
You block the wight's attack.
You are confused.
You feel invigorated.
Your centaur zombie hits the wight but does no damage.
Your centaur zombie barely misses the wight.
Are you sure you want to stumble around while confused and next to your centaur zombie? [Y]es or [N]o only, please.
Are you sure you want to stumble around while confused and next to your centaur zombie? [Y]es or [N]o only, please.
Are you sure you want to stumble around while confused and next to your centaur zombie? [Y]es or [N]o only, please.
Are you sure you want to stumble around while confused and next to your centaur zombie?
You miss the wight.
The wight is almost destroyed.
Your centaur zombie hits the wight but does no damage.
Your centaur zombie kicks the wight but does no damage.
The wight hits you with a +2 falchion of freezing!
You feel threatened and lose the ability to drink potions!
You feel drained. The wight freezes you. The jelly closely misses you.
The orc misses you.
The wight hits your centaur zombie with a +4 dagger!
Your centaur zombie is destroyed!
The wight completely misses you.
You hit the wight.
You destroy the wight!
The orc hits you from afar with a +0 trident.
The jelly hits you. The acid corrodes you!
You are splashed with acid.
* * * LOW HITPOINT WARNING * * *
The wight barely misses you.
You bump into the rock wall.
The wight barely misses you.
The orc hits you from afar with a +0 trident!
* * * LOW HITPOINT WARNING * * *
The jelly barely misses you.
The wight hits you with a +2 great sword!
You die...
Your body rises from the dead as a mindless zombie.

###############
#.....ZJ......#
###.###########.#
#...J...# #.#
#.#@z.#.# #.####
...#zz.# #{#..Z ###
#.?o# #Z#.## .....#
#J#.# #.#...#.#####
#.#.## ......≈≈≈≈≈≈≈≈
#.#.#.
≈≈≈≈≈≈≈......{≈##.#.#.
≈. zz..### #.≈.......
#.≈.....#.


You could see a jelly (very drained), 3 wights and an orc.

Vanquished Creatures
  A water moccasin (D:4)
  A centaur (D:6)
  A necrophage (D:6)
  A scorpion (D:5)
  A wight (D:6)
  A jelly (D:5)
  3 hounds
  3 iguanas
  2 adders
  3 worms (D:2)
  2 dart slugs (D:4)
  An orc (D:5)
  7 bats
  6 endoplasms
  4 giant cockroaches
  5 goblins
  6 hobgoblins
  4 jackals (D:5)
  7 quokkas
  6 ball pythons
  4 frilled lizards
  4 kobolds
  4 rats
77 creatures vanquished.

Vanquished Creatures (collateral kills)
  A water moccasin (D:5)
  A phantom (D:6)
  2 howler monkeys
  An ufetubus (D:5)
  A giant cockroach (D:4)
  A goblin (D:4)
7 creatures vanquished.

Vanquished Creatures (others)
  A water moccasin zombie (D:5)
  A centaur zombie (D:6)
  A hound zombie (D:6)
  A howler monkey zombie (D:6)
  A jackal zombie (D:5)
  A quokka zombie (D:5)
6 creatures vanquished.

Grand Total: 90 creatures vanquished

Notes
Turn   | Place    | Note
-------+----------+-------------------------------------------
     0 | D:1      | innerfire433 the Demonspawn Monk began the quest for the
                  | Orb.
     0 | D:1      | Reached XP level 1. HP: 18/18 MP: 1/1
   237 | D:1      | Reached skill level 3 in Dodging
   256 | D:1      | Gained mutation: Spells you cast may paralyse adjacent
                  | enemies. [demonic ancestry]
   256 | D:1      | Reached XP level 2. HP: 24/24 MP: 2/2
  1170 | D:2      | Reached skill level 1 in Armour
  1170 | D:2      | Discovered your monstrous ancestry.
  1170 | D:2      | Gained mutation: You have a pair of small antennae on your
                  | head. [demonic ancestry]
  1170 | D:2      | Reached XP level 3. HP: 18/29 MP: 3/3
  1179 | D:2      | Reached skill level 1 in Short Blades
  2247 | D:3      | Gained mutation: You have a pair of antennae on your head.
                  | [demonic ancestry]
  2247 | D:3      | Reached XP level 4. HP: 29/35 MP: 4/4
  2766 | D:4      | Found Cukabe's Serpentskin Sales.
  2766 | D:4      | Noticed a water moccasin
  2782 | D:4      | Gained mutation: You occasionally lose the ability to drink
                  | potions when taking damage. [potion of mutation]
  2782 | D:4      | Gained mutation: You are partially covered in large bone
                  | plates. (SH +4) [potion of mutation]
  2791 | D:4      | Killed a water moccasin
  2792 | D:4      | Gained mutation: You have sharp fingernails. [demonic
                  | ancestry]
  2792 | D:4      | Reached XP level 5. HP: 33/41 MP: 5/5
  2978 | D:4      | Reached skill level 4 in Dodging
  3073 | D:4      | Found a hide-covered altar of Uskayaw.
  3073 | D:4      | Found a basalt altar of Yredelemnul.
  3088 | D:4      | Became a worshipper of Yredelemnul the Dark
  3088 | D:4      | Reached * piety under Yredelemnul
  3088 | D:4      | Reached ** piety under Yredelemnul
  3164 | D:4      | Found Piorphela's Assorted Antiques.
  3328 | D:5      | Entered Level 5 of the Dungeon
  3398 | D:5      | Noticed a water moccasin
  3405 | D:5      | Killed a water moccasin
  3406 | D:5      | Gained mutation: You have large cloven feet. [demonic
                  | ancestry]
  3406 | D:5      | Reached XP level 6. HP: 46/48 MP: 6/6
  3595 | D:5      | Found a staircase to the Ecumenical Temple.
  3687 | D:5      | Gained mutation: Spells you cast may paralyse nearby
                  | enemies. [demonic ancestry]
  3687 | D:5      | Reached XP level 7. HP: 44/54 MP: 7/7
  4527 | D:6      | Reached skill level 5 in Dodging
  4855 | D:6      | Mangled by a wight

Illustrated notes

Levels and vault maps discovered:
D:1:      minmay_arrival_checkered_box, layout_basic
D:2:      layout_basic, minmay_diced_spiral
D:3:      layout_basic, dreamdust_princess_corridor, minmay_liquid_box
D:4:      layout_basic, minitemple, serial_shops, nicolae_shop_waterfront,
          chequers_serial_rivers_marsh, guppyfry_shop_venom
D:5:      layout_basic, minmay_temple_entry_offerings, kennysheep_generic_room_7
D:6:      layout_basic, nicolae_overflow_squiral

Skill      XL: |  1  2  3  4  5  6  7 |
---------------+----------------------+-----
Dodging        | 3 4 5 |  5.4
Armour         | 1 2 3 |  3.5
Short Blades   | 1 2 3 4 |  4.2
Fighting       | 4 |  4.5
Axes           | |  2.8
Stealth        | |  1.7

Action                   |  1- 3 |  4- 6 |  7- 9 || total
-------------------------+-------+-------+-------++-------
Melee: Hand axe          |    41 |       |       ||    41
       Short sword       |   103 |    90 |    70 ||   263
       Punch             |     1 |     1 |       ||     2
  Use: Scroll            |     7 |     5 |     2 ||    14
       Potion            |       |     7 |     3 ||    10
 Stab: Sleeping          |     3 |     2 |       ||     5
       Distracted        |       |       |     1 ||     1
Armor: Robe              |    15 |       |       ||    15
       Ring mail         |    55 |    28 |    15 ||    98
       Skin              |       |    23 |       ||    23
Dodge: Dodged            |    86 |    46 |    53 ||   185
Block: Other             |       |     9 |    14 ||    23

Table legend: (Time is in decaauts)
 A = Elapsed time spent in this place.
 B = Non-inter-level travel time spent in this place.
 C = Inter-level travel time spent in this place.
 D = Time resting spent in this place.
 E = Time spent auto-exploring this place.
 F = Levels seen in this place.
 G = Mean time per level.
                   A        B        C        D        E       F      G
               +--------+--------+--------+--------+--------+-----+--------+
         Total |   4836 |   4765 |     71 |      0 |   3712 |   6 |  806.0 |
       Dungeon |   4836 |   4765 |     71 |      0 |   3712 |   6 |  806.0 |
               +--------+--------+--------+--------+--------+-----+--------+

Top non-repeatable levels by time:
     D:2: 1107 daAuts
     D:5: 1082 daAuts
     D:3: 824 daAuts
     D:4: 710 daAuts
     D:1: 685 daAuts
     D:6: 425 daAuts
